 Dungeon Crawl Stone Soup version 0.21.1-1-g345015fe64 (webtiles) character file.

98 Jannitor the Vexing (level 4, -1/31 HPs)
             Began as a Demonspawn Enchanter on June 12, 2018.
             Asphyxiated
             ... on level 3 of the Dungeon.
             The game lasted 00:04:10 (3485 turns).

Jannitor the Vexing (Demonspawn Enchanter)          Turns: 3485, Time: 00:04:10

Health: -1/31      AC:  5    Str:  8    XL:     4   Next: 43%
Magic:  3/7        EV: 13    Int: 18    God:
Gold:   71         SH:  0    Dex: 13    Spells: 5/8 levels left

rFire    . . .     SeeInvis .   l - +0 dagger (venom)
rCold    . . .     Gourm    .   (no shield)
rNeg     . . .     Faith    .   b - +0 robe
rPois    .         Spirit   .   (no helmet)
rElec    .         Reflect  .   (no cloak)
rCorr    .         Harm     .   (no gloves)
MR       .....                  j - +0 pair of boots
Stlth    ++........             (no amulet)
HPRegen  0.10/turn              k - ring of wizardry
MPRegen  0.10/turn              (no ring)

@: lethally poisoned (-1 -> -15), very slightly contaminated
A: rugged brown scales 2
a: no special abilities


You were on level 3 of the Dungeon.
You were hungry.

You visited 1 branch of the dungeon, and saw 3 of its levels.

You collected 71 gold pieces.

Inventory:

Hand Weapons
 a - a +1 dagger
 l - a +0 dagger of venom (weapon)
Armour
 b - a +0 robe (worn)
 j - a +0 pair of boots (worn)
Jewellery
 k - a ring of wizardry (left hand)
Scrolls
 e - 3 scrolls of identify {unknown}
 f - 2 scrolls of enchant weapon {unknown}
 g - 3 scrolls of remove curse {unknown}
 h - 2 scrolls of teleportation {unknown}
 i - a scroll of noise {unknown}
Potions
 m - a potion of heal wounds
 n - a potion of agility {unknown}
 o - 2 potions of curing {unknown}
Books
 c - a book of Maledictions

   Spells                             Type                      Level
   a - Corona                         Hexes                        1
   b - Ensorcelled Hibernation        Hexes/Ice                    2
   c - Confuse                        Hexes                        3
   d - Tukima's Dance                 Hexes                        3
   e - Dazzling Spray                 Conjuration/Hexes            3
Comestibles
 d - 4 rations


   Skills:
 + Level 1.9 Short Blades
 + Level 2.5 Dodging
 + Level 3.2 Stealth
 + Level 2.6 Spellcasting
 + Level 3.4 Hexes


You had 5 spell levels left.
You knew the following spells:

 Your Spells              Type           Power        Failure   Level  Hunger
a - Corona                Hex            ##.....      1%          1    #......
b - Ensorcelled Hibernat  Hex/Ice        #.....       5%          2    ##.....


Dungeon Overview and Level Annotations

Branches:
Dungeon (3/15)

Altars:
Hepliaklqana
Makhleb
Vehumet


Innate Abilities, Weirdness & Mutations

You are mostly covered in rugged brown scales. (AC +2, +5% HP)


Message History

Aim: an orc, wielding a war axe (chance to defeat MR: 57%)
You miscast Ensorcelled Hibernation.
You are very lightly contaminated with residual magic.
Your skin tingles.
Casting: Ensorcelled Hibernation
Confirm with . or Enter, or press ? or * to list all spells.
Aiming: Ensorcelled Hibernation
Press: ? - help, Shift-Dir - straight line, f/p - orc
Aim: an orc, wielding a war axe (chance to defeat MR: 57%)
The orc looks drowsy...
The helpless orc fails to defend itself.
You impale the orc!!
You kill the orc!
You are feeling hungry.
The kobold unwields an uncursed whip.
The kobold wields a blowgun.
The kobold shoots a curare-tipped needle.
The curare-tipped needle hits you.
You are lethally poisoned!
You have difficulty breathing.
You die...

#............# ........
########.....# #.##K#.#
#####.....#... #.##.#.#
#......###.... #.##$#.#
#......###.... #.##...#
#..........#+# #.##...###..#
#.....######.###.##.?......#
#####.######...).##'#..##.##
#.........####@...K....#
#.###.###.# #..[....#.# #.#
#.# #.......#.# #.#
#.####.......#.# #.#
#.........####.. #.#
########### . #.# #.#


You could see a kobold.

Vanquished Creatures
  3 adders (D:2)
  A gnoll (D:1)
  2 worms
  3 dart slugs
  2 leopard geckos
  An orc (D:3)
  A giant cockroach (D:1)
  2 hobgoblins (D:1)
  4 kobolds
  A quokka (D:2)
  A ball python (D:3)
  7 bats
  5 frilled lizards
  9 goblins
  8 rats
50 creatures vanquished.

Notes
Turn   | Place    | Note
-------+----------+-------------------------------------------
     0 | D:1      | Jannitor the Demonspawn Enchanter began the quest for the Orb.
     0 | D:1      | Reached XP level 1. HP: 13/13 MP: 3/3
   284 | D:1      | Reached skill level 1 in Short Blades
   350 | D:2      | Gained mutation: You are partially covered in rugged brown scales. (AC +1, +3% HP) [demonic ancestry]
   350 | D:2      | Reached XP level 2. HP: 6/19 MP: 3/5
   355 | D:2      | Learned a level 2 spell: Ensorcelled Hibernation
   767 | D:2      | Found a hazy altar of Hepliaklqana.
  1365 | D:1      | Gained mutation: You are mostly covered in rugged brown scales. (AC +2, +5% HP) [demonic ancestry]
  1365 | D:1      | Reached XP level 3. HP: 13/25 MP: 3/6
  2781 | D:2      | Reached XP level 4. HP: 27/31 MP: 7/7
  2909 | D:2      | Found a burning altar of Makhleb.
  2909 | D:2      | Found a radiant altar of Vehumet.
  3485 | D:3      | Asphyxiated

Skill      XL: |  1  2 |
---------------+-------+-----
Short Blades   | 1 |  1.9
Dodging        | 2 |  2.5
Stealth        | 3 |  3.2
Spellcasting   | |  2.6
Hexes          | |  3.4

Action                   |  1- 3 |  4- 6 || total
-------------------------+-------+-------++-------
Melee: Dagger            |   123 |    50 ||   173
 Cast: Corona            |     1 |       ||     1
       Ensorcelled Hiber |    10 |     2 ||    12
  Use: Potion            |     2 |       ||     2
 Stab: Sleeping          |    17 |     6 ||    23
  Eat: Chunk             |     4 |     1 ||     5
       Ration            |     1 |       ||     1
Armor: Robe              |    18 |    14 ||    32
Dodge: Dodged            |    57 |    37 ||    94
